 Dungeon Crawl Stone Soup version 0.20.0-15-g7f486f2 (webtiles) character file.

148 Gorglomux the Skirmisher (level 5, -1/41 HPs)
             Began as a Formicid Wizard on June 11, 2017.
             Slain by a scorpion (9 damage)
             ... on level 4 of the Dungeon.
             The game lasted 00:05:32 (3509 turns).

Gorglomux the Skirmisher (Formicid Wizard)          Turns: 3509, Time: 00:05:33

Health: -1/41      AC:  3    Str: 13    XL:     5   Next: 56%
Magic:  8/9        EV: 12    Int: 17    God:
Gold:   51         SH:  0    Dex:  9    Spells: 9/10 levels left

rFire    . . .     SeeInvis +   U - +0 hand axe
rCold    . . .     Gourm    .   (no shield)
rNeg     . . .     Faith    .   a - +1 robe
rPois    .         Spirit   .   (helmet unavailable)
rElec    .         Reflect  .   (no cloak)
rCorr    .         Harm     .   (no gloves)
MR       .....                  (no boots)
Stlth    ++........             (no amulet)
Regen    0.2/turn               (no ring)
MPRegen  0.2/turn               (no ring)

@: lethally poisoned (-1 -> -3)
A: permanent stasis, dig shafts and tunnels, four strong arms, antennae 3
a: Dig, Shaft Self


You were on level 4 of the Dungeon.
You were very hungry.

You visited 1 branch of the dungeon, and saw 3 of its levels.

You collected 51 gold pieces.

Inventory:

Hand Weapons
 h - a +0 dagger
 U - a +0 hand axe (weapon)
Armour
 a - a +1 robe (worn)
 S - a +0 buckler
Scrolls
 D - 3 scrolls of remove curse
 R - 7 scrolls of identify
 V - a scroll of enchant armour
Potions
 g - a potion of cancellation
Books
 b - a book of Minor Magic

   Spells                             Type                      Level
   a - Magic Dart                     Conjuration                  1
   b - Blink                          Translocation                2
   c - Call Imp                       Summoning                    2
   d - Slow                           Hexes                        2
   e - Conjure Flame                  Conjuration/Fire             3
   f - Mephitic Cloud                 Conjuration/Poison/Air       3
Comestibles
 c - 3 bread rations
 z - a meat ration
 W - 3 fruits


   Skills:
 + Level 3.3 Fighting
 - Level 2.8 Armour
 - Level 1.9 Dodging
 - Level 2.4 Stealth
 + Level 2.3 Shields
 - Level 3.2 Spellcasting
 - Level 0.8 Conjurations
   Level 1.0 Summonings
   Level 0.8 Translocations


You had 9 spell levels left.
You knew the following spells:

 Your Spells              Type           Power        Failure   Level  Hunger
a - Magic Dart            Conj           #...         12%         1    None


Dungeon Overview and Level Annotations

Branches:
Dungeon (2/15)

Altars:
Uskayaw

Annotations:
D:2 2 transporters


Innate Abilities, Weirdness & Mutations

You cannot be hasted, slowed, berserked, paralysed or teleported.
You can dig through walls and to a lower floor.
Your four strong arms can wield two-handed weapons with a shield.
You have a pair of large antennae on your head. (SInv)


Message History

You barely miss the scorpion.
The scorpion is lightly wounded.
The scorpion barely misses you.
You closely miss the scorpion.
The scorpion is lightly wounded.
You feel sick. The scorpion closely misses you. The scorpion stings you.
You barely miss the scorpion.
The scorpion is lightly wounded.
The scorpion closely misses you.
You closely miss the scorpion.
The scorpion is lightly wounded.
You feel sick. The scorpion stings you.
You hit the scorpion.
The scorpion is lightly wounded.
The scorpion stings you!
* * * LOW HITPOINT WARNING * * *
You barely miss the scorpion.
The scorpion is lightly wounded.
The scorpion stings you!
You die...

{ ## ...#####
.......####### ###### #
.............. .... ...
######.############.###..##
................@s.........
######'####+###.#....#...#
#.............#.##.# #
#.............#+##.#
#...................
#....................
#.....................
#............#....#....
#....#########..........


You could see a scorpion.

Vanquished Creatures
  An orc wizard (D:2)
  7 adders
  A gnoll (D:1)
  An ooze (D:2)
  A worm (D:2)
  A dart slug (D:1)
  A leopard gecko (D:1)
  2 orcs (D:2)
  A ball python (D:2)
  A giant cockroach (D:1)
  2 goblins
  5 hobgoblins
  3 jackals (D:1)
  3 bats (D:2)
  2 frilled lizards (D:2)
  2 kobolds (D:2)
  7 rats
41 creatures vanquished.

Notes
Turn   | Place    | Note
-------+----------+-------------------------------------------
     0 | D:1      | Gorglomux the Formicid Wizard began the quest for the Orb.
     0 | D:1      | Reached XP level 1. HP: 13/13 MP: 4/4
   256 | D:1      | Reached skill level 1 in Armour
   256 | D:1      | Reached XP level 2. HP: 20/20 MP: 0/6
   514 | D:1      | You fall through a shaft!
   824 | D:2      | Reached skill level 1 in Fighting
   831 | D:2      | Reached XP level 3. HP: 26/26 MP: 1/7
  1103 | D:2      | Found a transporter.
  1107 | D:2      | Found a hide-covered altar of Uskayaw.
  1107 | D:2      | Found a transporter.
  1383 | D:2      | Reached XP level 4. HP: 19/33 MP: 0/8
  2199 | D:2      | Reached skill level 1 in Shields
  2284 | D:2      | Reached XP level 5. HP: 36/40 MP: 1/9
  2415 | D:1      | Reached skill level 3 in Fighting
  3150 | D:2      | HP: 2/41 [orc priest/nerve-wracking pain (9)]
  3155 | D:2      | You fall through a shaft for 2 floors!
  3509 | D:4      | Slain by a scorpion

Skill      XL: |  1  2  3  4  5 |
---------------+----------------+-----
Armour         | 1 2 |  2.8
Fighting       | 1 2 3 |  3.3
Shields        | 1 2 |  2.3
Dodging        | |  1.9
Stealth        | |  2.4
Spellcasting   | |  3.2
Conjurations   | |  0.8
Summonings     | |  1.0
Translocations | |  0.8

Action                   |  1- 3 |  4- 6 || total
-------------------------+-------+-------++-------
Melee: Dagger            |    24 |       ||    24
       Hand axe          |       |    31 ||    31
 Cast: Magic Dart        |    50 |    94 ||   144
 Abil: Dig               |     1 |     7 ||     8
       Shaft Self        |     1 |     1 ||     2
  Use: Potion            |       |     4 ||     4
       Scroll            |       |     2 ||     2
  Eat: Chunk             |     2 |     4 ||     6
       Royal jelly       |       |     1 ||     1
Armor: Robe              |    12 |     8 ||    20
Dodge: Dodged            |    36 |    40 ||    76
